 Dungeon Crawl Stone Soup version 0.30-a0-359-gd0147acb1a (webtiles) character file.

Game seed: 4978638861619093009

826 mcwallace the Firebug (level 7, -1/41 HPs)
             Began as an Octopode Fire Elementalist on Nov 12, 2022.
             Was an Initiate of Vehumet.
             Slain by a gnoll
             ... wielding a +0 spear
              (6 damage)
             ... on level 6 of the Dungeon on Nov 13, 2022.
             The game lasted 00:13:04 (5873 turns).

mcwallace the Firebug (Octopode Fire Elementalist)  Turns: 5873, Time: 00:13:04

Health: -1/41      AC:  1    Str: 13    XL:     7   Next: 96%
Magic:  4/13       EV: 14    Int: 20    God:    Vehumet [......]
Gold:   328        SH:  0    Dex: 12    Spells: 11/14 levels left

rFire   . . .      SeeInvis .    e - staff of conjuration {!a@e2staff}
rCold   . . .      Faith    .    (no shield)
rNeg    . . .      Spirit   .    (helmet restricted)
rPois   .          Reflect  .    (no amulet)
rElec   .          Harm     .    k - ring of resist corrosion
rCorr   +          Rampage  .    w - +6 ring of strength
Will    .....                    (no ring)
Stlth   +++.......               (no ring)
HPRegen 0.26/turn                (no ring)
MPRegen 0.13/turn                (no ring)
                                 (no ring)
                                 (no ring)

@: no status effects
A: almost no armour, amphibious, 8 rings, camouflage 1, gelatinous body 1,
(nimble swimmer 1), tentacles
a: Renounce Religion


You were on level 6 of the Dungeon.
You worshipped Vehumet.
Vehumet was noncommittal.
You visited 2 branches of the dungeon, and saw 7 of its levels.

You collected 328 gold pieces.


Innate Abilities, Weirdness & Mutations

You cannot wear most types of armour.
You are amphibious.
You can wear up to eight rings at the same time.
Your skin changes colour to match your surroundings (Stealth+).
Your rubbery body absorbs attacks. (AC +1, EV +1)
((You are camouflaged when in or above water. (Stealth+)))
You have tentacles for arms and can constrict up to eight enemies at once.


   Skills:
 + Level 4.5 Dodging
 - Level 2.6 Stealth
 + Level 1.8 Shields
 + Level 4.2 Spellcasting
 + Level 4.1 Conjurations
 + Level 5.0 Fire Magic


You had 11 spell levels left.
You knew the following spells:

 Your Spells              Type           Power      Damage    Failure   Level
a - Foxfire               Conj/Fire      100%       2x1d9     1%          1
b - Scorch                Fire           48%        2d7       2%          2

Your spell library contained the following spells:

 Spells                   Type           Power      Damage    Failure   Level
 Momentum Strike          Conj/Tloc      36%        3d9       9%          2
 Necrotise                Necr           16%        1d4       13%         1
 Inner Flame              Hex/Fire       14%        N/A       13%         3
 Hailstorm                Conj/Ice       18%        3d6       16%         3
 Blink                    Tloc           8%         N/A       19%         2
 Kindle Blastsparks       Fire/Tloc/Air  22%        2d11      19%         3
 Flame Wave               Conj/Fire      34%        2d10      19%         4
 Lesser Beckoning         Tloc           8%         N/A       36%         3
 Vampiric Draining        Necr           4%         2d6       36%         3
 Animate Dead             Necr           4%         N/A       77%         4
 Ice Form                 Ice/Tmut       4%         N/A       77%         4
 Agony                    Necr           4%         N/A       98%         5
 Borgnjor's Vile Clutch   Necr/Erth      2%         N/A       98%         5
 Death Channel            Necr           2%         N/A       100%        6
 Simulacrum               Ice/Necr       2%         N/A       100%        6

Inventory:

Hand Weapons
 d - a +0 sling
   (You found it on level 1 of the Dungeon)
 n - a +2 dagger of venom {short}
   (You took it off a kobold on level 2 of the Dungeon)
 r - a +0 short sword of holy wrath {short}
   (You took it off a kobold on level 3 of the Dungeon)
 t - a +2 dagger of draining {short}
   (You found it on level 3 of the Dungeon)
 u - a +2 sling of freezing
   (You took it off a goblin on level 3 of the Dungeon)
 z - a +0 flail of venom {mace}
   (You took it off Edmund on level 5 of the Dungeon)
Missiles
 j - 39 stones {throwing}
 v - 3 poisoned darts {throwing}
 x - 5 curare-tipped darts {=fthrowing}
Armour
 y - a +0 kite shield
   (You found it on level 4 of the Dungeon)
Magical Staves
 e - a staff of conjuration (weapon) {!a@e2staff}
   (You found it on level 1 of the Dungeon)
Jewellery
 k - a ring of resist corrosion (left tentacle)
   (You found it on level 2 of the Dungeon)
 w - a +6 ring of strength (right tentacle)
   (You found it on level 4 of the Dungeon)
 E - a ring of positive energy
   (You found it on level 6 of the Dungeon)
Wands
 C - a wand of polymorph (14)
   (You found it on level 5 of the Dungeon)
 D - a wand of roots (9)
   (You found it on level 5 of the Dungeon)
Scrolls
 c - 4 scrolls of teleportation {unknown}
 f - 2 scrolls of noise {unknown}
 g - 4 scrolls of magic mapping {unknown}
 h - a scroll of torment {unknown}
 i - a scroll of amnesia {unknown}
 o - 4 scrolls of identify {unknown}
 B - a scroll of blinking {unknown}
Potions
 a - a potion of magic
 b - 3 potions of lignification {unknown}
 l - a potion of brilliance {unknown}
 m - a potion of degeneration {unknown}
 p - 2 potions of attraction {unknown}
 q - 5 potions of flight {unknown}
 s - a potion of heal wounds {unknown}
 A - 2 potions of might {unknown}

Dungeon Overview and Level Annotations

Branches:
Dungeon (6/15) Zot: 26713  Temple (1/1) D:4 Zot: 5841

Altars:
Cheibriados
Dithmenos
Elyvilon
Fedhas
Gozag
Hepliaklqana
Kikubaaqudgha
Makhleb
Nemelex Xobeh
Qazlal
Ru
Vehumet
Wu Jian
Xom
Yredelemnul
Zin
The Shining One

#.# #..## ..# ##...# ..#
#....## ..## #.....#
#..########'#######
###.##.)go.....+..# .>#
##..)#.≈..§§§##.# #..#
##..#.≈._o§§#v.# #..#
#o.#.≈.§.§§#@.# #<.# #
##..+......gov.# #..#
####o..####'####.#####..#
..#g.###.##.#
#.####....## #...##
##...######.......##
#...# ##..#.............#
....## #..........###...#
###..# ###..........#
#####
##o.###...##.......#


You could see a gnoll (ally target) and an orc.


Message History

The foxfire hits the orc but does no damage.
An orc priest comes into view.
It is wielding a +0 dagger. 😕 HP[+1] MP[-1]
You lost 1 mp, and now have 4/13 mp.
Casting: Foxfire (safe; 1% risk of failure)
Press: ? - help, Q - select action, (/) - cycle Dir - look around, f - activate You feel a surge of power!
You conjure some foxfire!
The orc priest shouts!
The gnoll hits you from afar with a +0 spear.
An orc comes into view. It is wielding a +0 hand axe.
The gnoll barely misses you. 😮 HP[-5] MP[-1]
You take 5 damage, and now have 29/41 hp.
You lost 1 mp, and now have 3/13 mp.
The foxfire hits the orc.
The foxfire hits the gnoll. x2
Casting: Foxfire (safe; 1% risk of failure)
Press: ? - help, Q - select action, (/) - cycle Dir - look around, f - activate You feel a surge of power!
You conjure some foxfire!
The orc shouts!
The gnoll hits you from afar with a +0 spear.
The gnoll hits you with a +0 flail!
* * * LOW HITPOINT WARNING * * *
😨 HP[-17] MP[-1]
You take 17 damage, and now have 12/41 hp.
MASSIVE DAMAGE!! (PAUSE)
You lost 1 mp, and now have 2/13 mp.
The orc attacks as you move away! The orc barely misses you.
The gnoll attacks as you move away! The gnoll completely misses you.
The foxfire hits the orc. x2
You kill the orc!
Vehumet accepts your kill. 😨 HP[+1]
You hit the gnoll.
You kill the gnoll!
Vehumet accepts your kill.
The gnoll hits you from afar with a +0 spear!
* * * LOW HITPOINT WARNING * * *
😱 HP[-10]
You take 10 damage, and now have 3/41 hp.
MASSIVE DAMAGE!! (PAUSE) 😱 MP[+1] 😱 HP[+1] 😱 HP[+1] 😱 MP[+1]
The orc priest looks braver for a moment. 😱 HP[+1] 😱 HP[+1]
Things that are here:
a +0 club {mace}; a +0 leather armour; an orc corpse 😱 MP[+1]
There is an open door here.
Things that are here:
a +0 short sword {short}; a +0 club {mace}; a +0 ring mail 😱 HP[+1]
There is a white marble altar of Elyvilon here. 😱 HP[+1] 😱 MP[+1]
There is an open door here. 😱 HP[+1] As you close the door, it creaks loudly!
Something unseen opens the door.
You close the door.
Something unseen opens the door.
You close the door.
Something unseen breaks down the door.
Casting: Foxfire (safe; 1% risk of failure)
Press: ? - help, Q - select action, (/) - cycle Dir - look around, f - activate You feel a surge of power!
You conjure some foxfire!
The foxfire hits the orc. 😨 HP[+1] MP[-1]
You lost 1 mp, and now have 5/13 mp.
You closely miss the orc. Your grab misses the orc.
The foxfire hits the orc!
You kill the orc!
Vehumet accepts your kill. 😨 MP[+1]
Casting: Foxfire (safe; 1% risk of failure)
Press: ? - help, Q - select action, (/) - cycle Dir - look around, f - activate You feel a surge of power!
You conjure some foxfire!
The orc priest calls down the wrath of Beogh upon you.
You struggle to resist. 😨 MP[-1]
You lost 1 mp, and now have 5/13 mp.
You hit the orc priest. You grab the orc priest. You constrict the orc priest.
The foxfire hits the orc priest. x2
The orc priest invokes the aid of Beogh against you.
You struggle to resist. 😨 HP[+1]
You barely miss the orc priest. Your squeeze misses the orc priest.
You constrict the orc priest.
The orc priest struggles to escape constriction.
The gnoll hits you from afar with a +0 spear!
* * * LOW HITPOINT WARNING * * *
😱 HP[-7]
You take 7 damage, and now have 5/41 hp.
Casting: Foxfire (safe; 1% risk of failure)
Press: ? - help, Q - select action, (/) - cycle Dir - look around, f - activate You feel a surge of power!
You conjure some foxfire!
You constrict the orc priest.
You kill the orc priest!
Vehumet accepts your kill.
The gnoll hits you from afar with a +0 spear.
You die...

Skill      XL: |  1  2  3  4  5  6  7 |
---------------+----------------------+-----
Conjurations   | 2 3 4 |  4.1
Dodging        | 3 4 |  4.5
Spellcasting   | 3 4 |  4.2
Fire Magic     | 4 5 |  5.0
Shields        | 1 |  1.8
Stealth        | |  2.6

Action                   |  1- 3 |  4- 6 |  7- 9 || total
-------------------------+-------+-------+-------++-------
Melee: Unarmed           |     2 |       |       ||     2
       Constrict         |     3 |     9 |     2 ||    14
       Tentacles         |     2 |     5 |     1 ||     8
       Staff             |     5 |    20 |     5 ||    30
 Fire: Sling             |    62 |       |       ||    62
 Cast: Foxfire           |    47 |    76 |    82 ||   205
       Scorch            |       |     2 |     3 ||     5
 Stab: Sleeping          |       |     2 |       ||     2
Armor: Skin              |     9 |     2 |       ||    11
Dodge: Dodged            |    32 |    15 |    15 ||    62

Levels and vault maps discovered:
D:1:      roderic_octagonal_star, layout_loops_ring, minmay_close_crescents
D:2:      layout_basic, shapermc_ecumenical_altar_acropolis
D:3:      cheibrodos_helix_gallery, layout_loops_ring,
          mainiacjoe_overflow_alcove_2, chequers_serial_rivers_marsh,
          minmay_ogre_servants, uniq_natasha
D:4:      layout_basic, minmay_temple_entry_hall
D:5:      layout_cave_pods, mainiacjoe_overflow_catch_the_wave, uniq_edmund
D:6:      layout_layer_cave, mainiacjoe_overflow_six_doors_small,
          old_standard_altar, serial_shops, shop
Temple:   hellmonk_temple_forest_ring

Notes
Turn   | Place    | Note
-------+----------+-------------------------------------------
     0 | D:1      | mcwallace the Octopode Fire Elementalist began the quest
                  | for the Orb.
     0 | D:1      | Reached XP level 1. HP: 11/11 MP: 3/3
     0 | D:1      | magus.rc [v1.9.6]
   195 | D:1      | Reached XP level 2. HP: 15/17 MP: 5/5
   571 | D:1      | You pick up a book of Spatial Translocations and begin
                  | reading...
   571 | D:1      | You add the spells Blink, Momentum Strike and Lesser
                  | Beckoning to your library.
   690 | D:1      | Reached XP level 3. HP: 21/21 MP: 6/6
   726 | D:1      | You pick up a book of Unlife and begin reading...
   726 | D:1      | You add the spells Animate Dead, Borgnjor's Vile Clutch and
                  | Death Channel to your library.
  1282 | D:2      | Found a faded altar of an unknown god.
  1655 | D:2      | Reached XP level 4. HP: 27/27 MP: 5/7
  1752 | D:2      | Reached skill level 2 in Conjurations
  1926 | D:2      | Learned a level 2 spell: Scorch
  1933 | D:3      | You pick up a book of the Tundra and begin reading...
  1933 | D:3      | You add the spells Hailstorm, Ice Form and Simulacrum to
                  | your library.
  1947 | D:3      | Noticed Natasha
  1950 | D:3      | Killed Natasha
  2134 | D:3      | Noticed Natasha
  2140 | D:3      | Killed Natasha
  2141 | D:3      | Reached skill level 3 in Dodging
  2141 | D:3      | Reached XP level 5. HP: 31/31 MP: 4/9
  2491 | D:3      | Noticed Natasha
  2502 | D:3      | Killed Natasha
  2503 | D:3      | Reached skill level 3 in Spellcasting
  2595 | D:3      | Found a shimmering altar of Xom.
  2926 | D:3      | Noticed an ogre
  2978 | D:3      | Killed an ogre
  2979 | D:3      | Reached skill level 3 in Conjurations
  2979 | D:3      | Reached skill level 4 in Fire Magic
  2979 | D:3      | Reached XP level 6. HP: 16/36 MP: 3/10
  3146 | D:3      | You pick up a book of Necromancy and begin reading...
  3146 | D:3      | You add the spells Necrotise, Vampiric Draining and Agony
                  | to your library.
  3429 | D:4      | Noticed a black bear
  3433 | D:4      | Killed a black bear
  3460 | D:4      | Reached skill level 4 in Dodging
  3460 | D:4      | Reached XP level 7. HP: 41/41 MP: 1/12
  3791 | D:4      | Found a staircase to the Ecumenical Temple.
  3797 | Temple   | Entered the Ecumenical Temple
  3942 | Temple   | Became a worshipper of Vehumet
  4318 | D:5      | Entered Level 5 of the Dungeon
  4350 | D:5      | Found an opulent altar of Gozag.
  4398 | D:5      | Found a shadowy altar of Dithmenos.
  4504 | D:5      | Noticed Edmund
  4512 | D:5      | Killed Edmund
  4513 | D:5      | Reached skill level 1 in Shields
  4513 | D:5      | Reached skill level 4 in Spellcasting
  4663 | D:5      | Reached skill level 4 in Conjurations
  5659 | D:6      | Found a white marble altar of Elyvilon.
  5673 | D:6      | Reached skill level 5 in Fire Magic
  5838 | D:6      | HP: 3/41 [gnoll/+0 spear (10)]
  5872 | D:6      | HP: 5/41 [gnoll/+0 spear (7)]
  5873 | D:6      | Slain by a gnoll

Vanquished Creatures
  Edmund (D:5)
  A sky beast (D:5)
  A black bear (D:4)
  An ogre (D:3)
  A phantom (D:4)
  A howler monkey (D:4)
  2 hounds
  An orc priest (D:6)
  Natasha (thrice) (D:3)
  An iguana (D:5)
  2 gnolls (D:6)
  2 adders
  3 ufetubi
  A worm (D:3)
  2 dart slugs
  9 orcs
  5 bats
  9 endoplasms
  5 giant cockroaches
  18 goblins
  6 hobgoblins
  2 jackals (D:2)
  4 quokkas
  9 ball pythons
  6 frilled lizards
  9 kobolds
  5 rats
110 creatures vanquished.

Vanquished Creatures (collateral kills)
  2 foxfires (D:2)
2 creatures vanquished.

Vanquished Creatures (others)
  337 foxfires
337 creatures vanquished.

Grand Total: 449 creatures vanquished

Table legend:
 A = Non-vault XP
 B = Vault XP
 C = Vault XP percentage of total XP
 D = Non-vault monster count
 E = Vault monster count
 F = Vault count percentage of total count
                 A         B        C        D         E       F
            +---------+---------+-------+---------+---------+-------
      Total |     868 |     353 |  28.9 |      92 |      18 |  16.4
            +---------+---------+-------+---------+---------+-------
        D:1 |      29 |       9 |  23.7 |      18 |       5 |  21.7
        D:2 |      50 |       0 |   0.0 |      21 |       0 |   0.0
        D:3 |     112 |     168 |  60.0 |      24 |      12 |  33.3
        D:4 |     298 |       0 |   0.0 |      10 |       0 |   0.0
        D:5 |     222 |     176 |  44.2 |       6 |       1 |  14.3
        D:6 |     157 |       0 |   0.0 |      13 |       0 |   0.0
            +---------+---------+-------+---------+---------+-------

Illustrated notes

Table legend:
 A = Kills in this place as a percentage of kills in entire the game.
 B = Kills by you in this place as a percentage of kills by you in the entire game.
 C = Kills by friends in this place as a percentage of kills by friends in the entire game.
 D = Other kills in this place as a percentage of other kills in the entire game.
 E = Experience gained in this place as a percentage of experience gained in the entire game.
 F = Experience gained in this place divided by the number of levels of this place that you have seen.
                   A       B       C       D       E      F
               +-------+-------+-------+-------+-------+----------------------
         Total | 100.0 | 100.0 |   N/A |   N/A | 100.0 | 174.4
       Dungeon | 100.0 | 100.0 |   N/A |   N/A | 100.0 | 203.5
               +-------+-------+-------+-------+-------+----------------------

Table legend: (Time is in decaauts)
 A = Elapsed time spent in this place.
 B = Non-inter-level travel time spent in this place.
 C = Inter-level travel time spent in this place.
 D = Time resting spent in this place.
 E = Time spent auto-exploring this place.
 F = Levels seen in this place.
 G = Mean time per level.
                   A        B        C        D        E       F      G
               +--------+--------+--------+--------+--------+-----+--------+
         Total |   5899 |   5742 |    157 |      0 |   4907 |   7 |  842.7 |
       Dungeon |   5741 |   5584 |    157 |      0 |   4776 |   6 |  956.8 |
        Temple |    158 |    158 |      0 |      0 |    131 |   1 |  158.0 |
               +--------+--------+--------+--------+--------+-----+--------+

Top non-repeatable levels by time:
     D:3: 1291 daAuts
     D:5: 1269 daAuts
     D:2: 1018 daAuts
     D:4: 941 daAuts
     D:1: 933 daAuts
     D:6: 285 daAuts
  Temple: 158 daAuts
